 Dungeon Crawl Stone Soup version 0.27.1 (webtiles) character file.

Game seed: 3868223590644328930

11167 Atelerd the Thaumaturge (level 11, -7/96 HPs)
             Began as an Octopode Venom Mage on Aug 27, 2021.
             Was a Believer of Sif Muna.
             Hit by a javelin thrown by a minotaur (12 damage)
             ... in a Gauntlet.
             The game lasted 00:34:40 (18377 turns).

Atelerd the Thaumaturge (Octopode Venom Mage)      Turns: 18377, Time: 00:34:41

Health: -7/96      AC: 25    Str: 12 (13) XL:     11   Next: 73%
Magic:  17/26      EV:  2    Int: 23 (26) God:    Sif Muna [**....]
Gold:   909        SH:  0    Dex: 18      Spells: 11/32 levels left

rFire    + . .     SeeInvis .   d - +0 dagger
rCold    . . .     Faith    .   (no shield)
rNeg     + + +     Spirit   .   (helmet currently unavailable)
rPois    +         Reflect  .   (no amulet)
rElec    .         Harm     .   i - ring of wizardry
rCorr    .         Rampage  .   q - +6 ring of dexterity
Will     .....     NoTele   +   u - ring of wizardry
Stlth    +++.......             v - +6 ring of intelligence
HPRegen  0.26/turn              b - ring of Dess {rPois rF+ Str+4}
MPRegen  0.20/turn              (no ring)
                                (no ring)
                                (no ring)

@: tree-form, hasted, very quick
A: stationary, stasis, torment immunity, boosted hp, almost no armour,
(amphibious), 8 rings, (camouflage 1), (gelatinous body 1), (nimble swimmer 1),
(tentacles), (iridescent scales 1), deterioration 1
a: Renounce Religion, Channel Magic


You were in a Gauntlet.
You worshipped Sif Muna.
Sif Muna was pleased with you.
You were a tree.
You visited 3 branches of the dungeon, and saw 13 of its levels.
You also visited: Ossuary and Gauntlet.

You collected 909 gold pieces.

Inventory:

Hand Weapons
 d - a +0 dagger (weapon)
Armour
 J - a +0 buckler
Jewellery
 b - the ring of Dess (on tentacle) {rPois rF+ Str+4}
   (You found it in a Gauntlet)

   [ring of protection from fire]

   Str:       It affects your strength (+4).
   rF:        It protects you from fire.
   rPois:     It protects you from poison.
 g - a ring of protection from cold
 i - a ring of wizardry (left branch)
 q - a +6 ring of dexterity (right branch)
 t - an amulet of the acrobat
 u - a ring of wizardry (on tentacle)
 v - a +6 ring of intelligence (on tentacle)
 x - an amulet of the acrobat
 I - a ring of positive energy
Wands
 r - a wand of charming (6)
 y - a wand of iceblast (5)
 H - a wand of flame (10)
Scrolls
 h - 2 scrolls of enchant weapon
 j - 3 scrolls of fog
 m - 2 scrolls of blinking
 n - 3 scrolls of teleportation
 p - 3 scrolls of amnesia
 w - 2 scrolls of enchant armour {unknown}
 D - a scroll of brand weapon {unknown}
 F - a scroll of fear
 G - a scroll of vulnerability {unknown}
Potions
 a - 4 potions of resistance
 c - 5 potions of might
 e - a potion of mutation
 f - a potion of lignification
 o - a potion of attraction
 z - 2 potions of flight
 A - a potion of invisibility {unknown}
 B - 2 potions of ambrosia {unknown}
 C - a potion of berserk rage {unknown}
 E - a potion of magic {unknown}


   Skills:
 - Level 2.0 Fighting
 - Level 3.0 Short Blades
 * Level 2.1 Dodging
 - Level 5.0 Stealth
 * Level 0.4 Shields
 - Level 11.0 Spellcasting
 + Level 5.0 Conjurations
 - Level 5.0 Transmutations
 - Level 2.0 Air Magic
 - Level 6.0 Earth Magic
 - Level 5.0 Poison Magic
 - Level 9.0 Invocations


You had 11 spell levels left.
You knew the following spells:

 Your Spells              Type           Power      Damage    Failure   Level
a - Sting                 Tmut/Pois      100%       1d8       1%          1
b - Mephitic Cloud        Conj/Pois/Air  31%        N/A       1%          3
c - Irradiate             Conj/Tmut      17%        3d19      5%          5
d - Airstrike             Air            10%        N/A       6%          4
e - Olgreb's Toxic Radia  Pois           35%        N/A       1%          4
p - Petrify               Tmut/Erth      37%        N/A       1%          4

Your spell library contained the following spells:

 Spells                   Type           Power      Damage    Failure   Level
 Shock                    Conj/Air       100%       1d9       1%          1
 Poisonous Vapours        Pois/Air       56%        N/A       1%          2
 Swiftness                Air            21%        N/A       1%          3
 Sublimation of Blood     Necr           6%         N/A       2%          2
 Summon Guardian Golem    Hex/Summ       12%        N/A       4%          3
 Orb of Destruction       Conj           17%        9d8       77%         7
 Spellforged Servitor     Conj/Summ      12%        N/A       97%         7


Dungeon Overview and Level Annotations

Branches:
Dungeon (11/15)            Temple (1/1) D:6            Lair (1/6) D:9
    Orc (0/2) D:11        Ossuary (visited)         Gauntlet (1/1)

Altars:
Ashenzari
Cheibriados
Dithmenos
Elyvilon
Fedhas
Hepliaklqana
Kikubaaqudgha
Makhleb
Okawaru
Qazlal
Ru
Sif Muna
Trog
Uskayaw
Vehumet
Wu Jian
Yredelemnul
Zin
The Shining One

Annotations:
D:2 exclusion: downstairs
D:4 exclusion: downstairs
D:6 exclusion: downstairs Gauntlet 8 transporters


Innate Abilities, Weirdness & Mutations

You are a tree.
Your roots penetrate the ground, keeping you stationary.
You cannot be teleported.
You are immune to unholy pain and torment.
Your maximum health is greatly increased.
You cannot wear most types of armour.
((You are amphibious.))
You can wear up to eight rings at the same time.
((Your skin changes colour to match your surroundings (Stealth+).))
((Your rubbery body absorbs attacks. (AC +1, EV +1)))
((You are camouflaged near water. (Stealth+)))
((You have tentacles for arms and can constrict up to eight enemies at once.))
((You are partially covered in iridescent scales. (AC +2)))
Your body sometimes deteriorates upon taking damage.


Message History

The minotaur hits you from afar with a +0 bardiche!!
* * * LOW HITPOINT WARNING * * *
Your body deteriorates!
You feel dopey.
Unknown command.
You feel better.
Unknown command.
Casting: Olgreb's Toxic Radiance (mildly dangerous; 1% risk of failure)
Confirm with . or Enter, or press ? or * to list all spells.
You can't see any susceptible monsters within range! (Use Z to cast anyway.) Unknown command.
Casting: Olgreb's Toxic Radiance (mildly dangerous; 1% risk of failure)
Confirm with . or Enter, or press ? or * to list all spells.
Okay, then.
Okay, then.
Okay, then.
As you read the scroll of torment, it crumbles to dust.
You feel a surge of unholy energy.
The minotaur convulses!
Your toxic aura wanes.
The minotaur hits you from afar with a +0 bardiche!
* * * LOW HITPOINT WARNING * * *
Unknown command.
As you read the scroll of torment, it crumbles to dust.
You feel a surge of unholy energy.
The minotaur convulses!
The minotaur throws a javelin.
The javelin pierces through you but does no damage.
Okay, then.
Okay, then.
Aiming: Iceblast
Press: ? - help, Shift-Dir - straight line, f/p - minotaur
Aim: a minotaur, wielding a +0 bardiche, wearing a +0 chain mail and quivering javelins (severely wounded, poisoned)
The mass of ice explodes!
The iceblast engulfs the minotaur!
The minotaur is almost dead.
A minotaur is nearby!
Aiming: Iceblast
Press: ? - help, Shift-Dir - straight line, f/p - minotaur
Aim: a minotaur, wielding a +0 bardiche, wearing a +0 chain mail and quivering javelins (almost dead, poisoned)
The mass of ice explodes!
The iceblast engulfs the minotaur.
The minotaur is almost dead.
The minotaur throws a javelin.
The javelin pierces through you!
You die...

.#.#...≈# YYY#...##
####§..≈# .......#####
....8.####.#
......≈##..#############
###...##...##..........#
.##...#....##.########.#
#E#...#.8©.##.#.♣.H..#.#
.##...#....##.#.####.#.#
#R#.8.#.8©....#.# #.#
$##...#....####.######.#
#h#...#.8©.# #........#
h##...#....# ##########
###...##...#
......≈##..#
....8.####.#


You could see a minotaur (poisoned).

Vanquished Creatures
  Erica (D:11)
  2 two-headed ogres
  A death yak (Gauntlet)
  A deep elf pyromancer (D:11)
  A cyclops (D:11)
  A cane toad (Lair:1)
  An unseen horror (D:11)
  A komodo dragon (Lair:1)
  A troll (D:10)
  A hornet (D:10)
  3 meliai (Gauntlet)
  A wyvern (D:10)
  Eustachio (D:5)
  4 yaks (D:9)
  5 steam dragons
  An acid dragon (D:9)
  5 water moccasins
  A swamp drake (D:11)
  A hornet zombie (D:6)
  2 black bears
  A necrophage (D:5)
  An orc warrior (D:11)
  7 centaurs
  3 ogres
  A phantom (D:7)
  4 kobold brigands
  Blork the orc (D:5)
  A gnoll sergeant (D:10)
  4 bullfrogs
  2 wyvern zombies (D:7)
  A scorpion (D:4)
  A water moccasin zombie (D:6)
  4 water moccasin skeletons
  8 killer bees (D:9)
  A howler monkey (D:9)
  6 centaur zombies
  A gnoll shaman (D:9)
  3 hounds
  4 iguanas
  8 orc priests
  Crazy Yiuf (D:6)
  A centaur skeleton (D:5)
  5 orc wizards
  A hound zombie (D:5)
  A hound skeleton (D:4)
  8 mummies (Ossuary)
  2 howler monkey zombies
  12 gnolls
  4 adders
  2 white imps (D:6)
  3 ufetubi
  A worm (D:3)
  6 dart slugs
  43 orcs
  4 endoplasms
  3 giant cockroaches
  7 goblins
  6 hobgoblins
  7 jackals
  19 kobolds
  2 quokkas
  8 ball pythons
  4 bats
  A frilled lizard (D:1)
  6 hobgoblin zombies (Ossuary)
  2 kobold zombies (Ossuary)
  A quokka skeleton (D:3)
  13 rats
270 creatures vanquished.

Vanquished Creatures (others)
  A kobold (D:8)
  3 fungi
  4 plants
8 creatures vanquished.

Grand Total: 278 creatures vanquished

Notes
Turn   | Place    | Note
-------+----------+-------------------------------------------
     0 | D:1      | Atelerd the Octopode Venom Mage began the quest for the
                  | Orb.
     0 | D:1      | Reached XP level 1. HP: 11/11 MP: 3/3
   381 | D:1      | Reached XP level 2. HP: 17/17 MP: 5/5
   751 | D:1      | Reached XP level 3. HP: 6/21 MP: 3/6
   755 | D:1      | Learned a level 3 spell: Mephitic Cloud
  2134 | D:2      | Reached XP level 4. HP: 24/27 MP: 7/7
  2321 | D:3      | Learned a level 4 spell: Olgreb's Toxic Radiance
  2382 | D:3      | Reached skill level 1 in Conjurations
  2898 | D:3      | Reached skill level 1 in Air Magic
  2906 | D:3      | HP: 2/40 [orc priest (2)]
  3937 | D:4      | Reached XP level 5. HP: 30/32 MP: 5/9
  4123 | D:3      | Reached skill level 5 in Poison Magic
  4478 | D:4      | Reached skill level 1 in Fighting
  4478 | D:4      | Reached XP level 6. HP: 16/39 MP: 2/10
  4480 | D:4      | Reached skill level 3 in Spellcasting
  5054 | D:4      | Reached skill level 4 in Spellcasting
  5064 | D:4      | Learned a level 4 spell: Petrify
  5332 | D:5      | Entered Level 5 of the Dungeon
  5359 | D:5      | Noticed a necrophage
  5376 | D:5      | Killed a necrophage
  5377 | D:5      | Reached skill level 1 in Earth Magic
  5377 | D:5      | Reached XP level 7. HP: 45/45 MP: 10/13
  6012 | D:5      | Noticed Blork the orc
  6022 | D:5      | Killed Blork the orc
  6023 | D:5      | Reached skill level 5 in Spellcasting
  6325 | D:5      | Reached XP level 8. HP: 47/50 MP: 10/15
  6384 | D:5      | Noticed Eustachio
  6405 | D:5      | Killed Eustachio
  6879 | D:6      | Noticed a two-headed ogre
  7497 | D:6      | Killed a two-headed ogre
  7498 | D:6      | Reached skill level 6 in Spellcasting
  7498 | D:6      | Reached skill level 5 in Transmutations
  7498 | D:6      | Reached skill level 5 in Earth Magic
  7498 | D:6      | Reached XP level 9. HP: 54/54 MP: 2/19
  7512 | D:6      | Reached skill level 7 in Spellcasting
  8967 | D:6      | Found a staircase to the Ecumenical Temple.
  9095 | D:6      | Reached skill level 8 in Spellcasting
  9780 | D:6      | Found a runed translucent door.
  9781 | D:6      | Noticed Crazy Yiuf
 10000 | D:6      | Killed Crazy Yiuf
 10409 | D:7      | Learned a level 5 spell: Irradiate
 10593 | D:7      | Reached skill level 1 in Short Blades
 10631 | D:7      | Found a sand-covered staircase.
 10635 | D:7      | Gained mutation: You are partially covered in iridescent
                  | scales. (AC +2) [potion of mutation]
 10635 | D:7      | Gained mutation: Your body sometimes deteriorates upon
                  | taking damage. [potion of mutation]
 10642 | Ossuary  | Entered an ossuary
 11581 | Temple   | Entered the Ecumenical Temple
 11660 | Temple   | Became a worshipper of Sif Muna the Loreminder
 11797 | D:7      | Reached skill level 1 in Invocations
 12189 | D:7      | Found a bloodstained altar of Trog.
 12755 | D:7      | Reached XP level 10. HP: 52/60 MP: 14/22
 13079 | D:8      | Found a blossoming altar of Fedhas.
 13086 | D:8      | Found a glowing silver altar of Zin.
 13112 | D:8      | Reached skill level 5 in Stealth
 14029 | D:8      | Learned a level 4 spell: Airstrike
 14080 | D:8      | Found an ornate altar of the Wu Jian Council.
 14365 | D:9      | Reached * piety under Sif Muna
 14867 | D:9      | Reached skill level 5 in Invocations
 14876 | D:9      | Reached skill level 9 in Spellcasting
 14883 | D:9      | Reached skill level 5 in Conjurations
 15018 | D:9      | Noticed a two-headed ogre
 15038 | D:9      | Killed a two-headed ogre
 15256 | D:9      | Found a staircase to the Lair.
 15513 | D:10     | Entered Level 10 of the Dungeon
 15568 | D:10     | Reached skill level 10 in Spellcasting
 15723 | D:10     | Reached XP level 11. HP: 64/64 MP: 8/25
 15748 | D:10     | Reached ** piety under Sif Muna
 16528 | D:11     | Noticed a cyclops
 16529 | D:11     | Noticed a deep elf pyromancer
 16532 | D:11     | Noticed Erica
 16543 | D:11     | Killed a cyclops
 16551 | D:11     | Killed a deep elf pyromancer
 16557 | D:11     | Killed Erica
 16810 | D:11     | Found a staircase to the Orcish Mines.
 17154 | Lair:1   | Entered Level 1 of the Lair of Beasts
 17246 | Lair:1   | Found a gate leading to a gauntlet.
 17261 | Gauntlet | Entered a Gauntlet
 17261 | Gauntlet | Found a transporter.
 17327 | Gauntlet | Found a transporter.
 17343 | Gauntlet | Found a transporter.
 17347 | Gauntlet | Found a transporter.
 17349 | Gauntlet | Noticed a necromancer
 17365 | Gauntlet | Found a transporter.
 17367 | Gauntlet | Noticed a death yak
 17368 | Gauntlet | Noticed a death yak
 17368 | Gauntlet | Noticed a death yak
 17369 | Gauntlet | Noticed a death yak
 17369 | Gauntlet | Noticed a death yak
 17369 | Gauntlet | Noticed a death yak
 17378 | Gauntlet | Found a transporter.
 17391 | Gauntlet | Found a transporter.
 17393 | Gauntlet | Noticed a death drake
 17408 | Gauntlet | Found a transporter.
 17412 | Gauntlet | Found a transporter.
 17416 | Gauntlet | Noticed a ghost crab
 17420 | Gauntlet | Found a transporter.
 17446 | Gauntlet | Found a transporter.
 17447 | Gauntlet | Found a transporter.
 18074 | Gauntlet | Identified the ring of Dess {rPois rF+ Str+4}
 18158 | Gauntlet | Killed a death yak
 18159 | Gauntlet | Reached skill level 11 in Spellcasting
 18366 | Gauntlet | Noticed a minotaur
 18377 | Gauntlet | Hit by a javelin thrown by a minotaur

Illustrated notes

Levels and vault maps discovered:
D:1:      dpeg_arrival_ratfight, layout_loops_ring
D:2:      layout_basic, kennysheep_generic_room_4
D:3:      layout_loops_ring, st_stairs_11
D:4:      layout_rooms
D:5:      minmay_chambers_of_fours, layout_layer_cave, uniq_eustachio,
          uniq_blork_the_orc
D:6:      layout_cave_pools, temple_statues, hangedman_decor_lopped,
          serial_bayou_pond_d, uniq_crazy_yiuf_cottage
D:7:      layout_loops_ring, nicolae_overflow_crystal_walls, enter_ossuary_2,
          lightli_orcish_oven
D:8:      layout_cave_pools, nzn_wu_jian_contemplation,
          mainiacjoe_overflow_big_doors, sigmund_army
D:9:      layout_rooms, lair_entry_dummy
D:10:     layout_long_grid
D:11:     layout_basic, erik_orc_1, nicolae_trove_entry_diagonal, the_hattery,
          uniq_sonja, uniq_erica, uniq_harold
Temple:   regret_index_temple_mists
Lair:1:   layout_regular_city, gauntlet_entry_generic, grunt_megastairs_3,
          infiniplex_staircase_pool_2
Gauntlet: minmay_gauntlet_mixed_oops_all_seconds
          [minmay_gauntlet_arena_77_two_lines,
          gammafunk_gauntlet_arena_chambers, minmay_gauntlet_arena_77_mess,
          gammafunk_gauntlet_arena_grid, minmay_gauntlet_arena_77_checkered,
          nicolae_gauntlet_arena_quarters, gauntlet_exit_spiral]

Skill      XL: |  1  2  3  4  5  6  7  8  9 10 11 |
---------------+----------------------------------+-----
Poison Magic   | 4 5 |  5.0
Conjurations   | 1 2 3 5 |  5.0
Transmutations | 2 3 5 |  5.0
Air Magic      | 1 2 |  2.0
Fighting       | 1 2 |  2.0
Spellcasting   | 4 5 6 8 10 11 | 11.0
Earth Magic    | 1 2 5 6 |  6.0
Stealth        | 4 5 |  5.0
Short Blades   | 2 3 |  3.0
Invocations    | 2 5 9 |  9.0
Dodging        | |  2.1
Shields        | |  0.4

Action                   |  1- 3 |  4- 6 |  7- 9 | 10-12 || total
-------------------------+-------+-------+-------+-------++-------
Melee: Dagger            |    65 |   102 |   245 |   115 ||   527
       Constrict         |    17 |    27 |    35 |    19 ||    98
       Unarmed           |     1 |       |       |       ||     1
       Tentacles         |     7 |    17 |    58 |    30 ||   112
 Cast: Sting             |    23 |    30 |    38 |    17 ||   108
       Mephitic Cloud    |       |     6 |     9 |    24 ||    39
       Olgreb's Toxic Ra |       |     2 |    39 |    79 ||   120
       Petrify           |       |     1 |    29 |    18 ||    48
       Airstrike         |       |       |       |    15 ||    15
Invok: Channel Magic     |       |       |       |     3 ||     3
Evoke: Wand              |       |       |     8 |     3 ||    11
  Use: Potion            |       |     2 |     5 |     8 ||    15
       Scroll            |       |       |     2 |    15 ||    17
 Stab: Sleeping          |    16 |     4 |     4 |     2 ||    26
       Confused          |       |     3 |       |     3 ||     6
       Petrified         |       |     9 |    34 |    18 ||    61
       Distracted        |       |       |     1 |     1 ||     2
       Petrifying        |       |       |    11 |     6 ||    17
       Paralysed         |       |       |     2 |       ||     2
Armor: Skin              |     3 |     6 |    80 |    24 ||   113
Dodge: Dodged            |    52 |    65 |   152 |   101 ||   370
